 Dungeon Crawl Stone Soup version 0.25-a0-73-g9796ba8d15 (webtiles) character file.

Game seed: 9052604121407448935, levelgen mode: deterministic

1930 Flugkiller the Conjurer (level 9, -4/53 HPs)
             Began as an Octopode Venom Mage on Nov 5, 2019.
             Was a Follower of Vehumet.
             Slain by a wight
             ... wielding a +3 dire flail
              (16 damage)
             ... on level 5 of the Dungeon.
             The game lasted 00:14:25 (7452 turns).

Flugkiller the Conjurer (Octopode Venom Mage)       Turns: 7452, Time: 00:14:26

Health: -4/53      AC:  1    Str:  8    XL:     9   Next: 17%
Magic:  16/16      EV: 12    Int: 20    God:    Vehumet [*.....]
Gold:   271        SH:  0    Dex: 14    Spells: 2/18 levels left

rFire    . . .     SeeInvis .   x - +3 halberd
rCold    . . .     Gourm    .   (shield currently unavailable)
rNeg     . . .     Faith    .   c - +0 hat
rPois    .         Spirit   .   r - amulet of harm
rElec    .         Reflect  .   u - +2 ring of dexterity
rCorr    .         Harm     +   (no ring)
MR       .....                  (no ring)
Stlth    ++++......             (no ring)
HPRegen  0.17/turn              (no ring)
MPRegen  0.15/turn              (no ring)
                                (no ring)
                                (no ring)

@: heavily drained
A: almost no armour, stealthy swim, amphibious, 8 rings, constrict 8, camouflage
1, gelatinous body 1
a: Renounce Religion


You were on level 5 of the Dungeon.
You worshipped Vehumet.
Vehumet was aware of your devotion.
You were not hungry.

You visited 2 branches of the dungeon, and saw 7 of its levels.
You also visited: Sewer.

You collected 271 gold pieces.

Inventory:

Hand Weapons
 k - a +0 short sword of venom
   (You took it off an orc priest on level 4 of the Dungeon)
 v - a +0 morningstar
   (You took it off a wight on level 6 of the Dungeon)
 x - a +3 halberd (weapon)
   (You took it off a wight on level 6 of the Dungeon)
Armour
 c - a +0 hat (worn)
   (You found it on level 1 of the Dungeon)
 y - a cursed +0 shield
   (You found it on level 4 of the Dungeon)
Jewellery
 r - an amulet of harm (around mantle)
   (You found it on level 6 of the Dungeon)
 u - a +2 ring of dexterity (left tentacle)
   (You found it on level 4 of the Dungeon)
Wands
 e - a wand of iceblast (1)
   (You found it on level 4 of the Dungeon)
Scrolls
 g - 2 scrolls of remove curse
 h - 5 scrolls of teleportation
 i - a scroll of fear
 m - a scroll of enchant armour {unknown}
 n - a scroll of blinking {unknown}
 o - 2 scrolls of enchant weapon
 q - 2 scrolls of fog
 w - 2 scrolls of magic mapping
Potions
 a - 3 potions of haste
 b - 3 potions of invisibility
 f - a potion of cancellation
 j - 2 potions of curing
 l - a potion of might
 p - a potion of ambrosia
 s - 2 potions of flight
 t - 3 potions of heal wounds {unknown}
Comestibles
 d - 18 rations


   Skills:
 - Level 1.4(0.0) Fighting
 - Level 2.0(0.0) Dodging
 - Level 6.2(4.0) Stealth
 + Level 5.2(3.1) Spellcasting
 + Level 7.8(5.5) Conjurations
 + Level 1.6(0.0) Fire Magic
 + Level 6.8(4.6) Poison Magic


You had 2 spell levels left.
You knew the following spells:

 Your Spells              Type           Power        Failure   Level  Hunger
a - Sting                 Conj/Pois      ###.         1%          1    None
b - Poisonous Vapours     Pois/Air       ##....       9%          2    ##.....
c - Mephitic Cloud        Conj/Pois/Air  ###.....     11%         3    ###....
d - Olgreb's Toxic Radia  Pois           ###.....     22%         4    ####...
e - Venom Bolt            Conj/Pois      ###.......   43%         5    ######.
f - Flame Tongue          Conj/Fire      ##...        4%          1    None

Your spell library contained the following spells:

 Spells                   Type           Power        Failure   Level  Hunger
 Animate Skeleton         Necr           N/A          14%         1    None
 Apportation              Tloc           #.....       14%         1    None
 Confusing Touch          Hex            #.....       14%         1    None
 Summon Small Mammal      Summ           #...         14%         1    None


Dungeon Overview and Level Annotations

Branches:
Dungeon (6/15)             Temple (1/1) D:5           Sewer (visited)

Altars:
Ashenzari
Dithmenos
Elyvilon
Fedhas
Kikubaaqudgha
Makhleb
Nemelex Xobeh
Okawaru
Qazlal
Sif Muna
Trog
Uskayaw
Vehumet
Yredelemnul
Zin
The Shining One

Shops:
D:4 :

Annotations:
D:6 3 runed translucent doors, exclusion: 4 wights, Grinder; Killmatronix's ghost, novice KoHu


Innate Abilities, Weirdness & Mutations

You cannot wear most types of armour.
You are very stealthy in the water. (Stealth+)
You are amphibious.
You can wear up to eight rings at the same time.
You can use your tentacles to constrict eight enemies at once.
Your skin changes colour to match your surroundings (Stealth+).
Your rubbery body absorbs attacks. (AC +1, EV +1)


Message History

* * * LOW HITPOINT WARNING * * *
You feel drained.
* * * LOW HITPOINT WARNING * * *
There is a stone staircase leading up, spattered with blood here.
You climb upwards.
There is a stone staircase leading down here.
Unknown command.
Unknown command.
You start resting.
HP restored.
There is a stone staircase leading down here.
This staircase leads to a travel-excluded area!
Enter next level anyway?
You climb downwards.
Level annotation: 3 runed translucent doors, exclusion: 4 wights, Grinder; Killmatronix's ghost, novice KoHu A wight comes into view.
It is wielding a +3 dire flail.
The wight closely misses you.
There is a stone staircase leading up here.
Unknown command.
You closely miss the wight. You grab the wight.
You squeeze the wight, but do no damage.
You constrict the wight, but do no damage.
The wight barely misses you.
You hit the wight. You squeeze the wight.
The wight is heavily damaged.
You constrict the wight. The wight hits you with a +4 hand axe.
The wight hits you with a +4 hand axe!
You release your grip on the wight.
The wight barely misses you. The wight hits you with a +4 hand axe!
* * * LOW HITPOINT WARNING * * *
You climb upwards.
There is a stone staircase leading down here.
Unknown command.
Unknown command.
The wight hits you with a +3 dire flail!
* * * LOW HITPOINT WARNING * * *
You feel drained.
* * * LOW HITPOINT WARNING * * *
You feel better. The wight barely misses you.
Unknown command.
Unknown command.
You closely miss the wight. Your grab misses the wight.
The wight barely misses you.
Unknown command.
You barely miss the wight. Your grab misses the wight.
You squeeze the wight, but do no damage.
The wight hits you with a +3 dire flail!
* * * LOW HITPOINT WARNING * * *
The wight hits you with a +3 dire flail!
You die...

.....# #.......#
.....############
#.......#
................#
#.......#
.....##########.#
#.).....# .....#
#.## #...§§..#
.....# #####..###
#...§§§§# .....#
#........#
#####§§## >....#
#........# #.§#
....## #.....@..#
#§§# ...##
#.....z..## #..#
#### #.........#
#..# ####.###z.##
#..# ###....#
#...# ##.#
####...#### #.#.#
#.# ######....###
#...## #.##
.......#######
##...#####..####
####.........#
##......#..^##.


You could see 2 wights.

Vanquished Creatures
  Edmund (D:5)
  An orc warrior (D:6)
  A necrophage (D:6)
  A phantom (D:5)
  2 ogres
  A big kobold (Sewer)
  A scorpion (D:3)
  3 wights (D:6)
  2 howler monkeys (D:5)
  3 crimson imps
  A centaur zombie (D:4)
  2 bullfrog zombies
  3 hounds
  6 orc priests
  5 orc wizards
  An iguana (D:6)
  Terence (D:2)
  3 worker ants (D:4)
  2 worker ant zombies
  A howler monkey zombie (D:4)
  8 gnolls
  8 adders
  A river rat (Sewer)
  A shadow imp (D:6)
  5 worms
  A dart slug (D:2)
  8 leopard geckos
  19 orcs
  2 ball pythons
  6 bats
  4 giant cockroaches
  7 hobgoblins
  8 jackals
  2 quokkas
  5 frilled lizards
  9 goblins
  A jackal zombie (D:3)
  14 kobolds
  A leopard gecko skeleton (D:5)
  A quokka skeleton (D:4)
  9 rats
161 creatures vanquished.

Notes
Turn   | Place    | Note
-------+----------+-------------------------------------------
     0 | D:1      | Flugkiller the Octopode Venom Mage began the quest for the
                  | Orb.
     0 | D:1      | Reached XP level 1. HP: 11/11 MP: 3/3
   241 | D:1      | Reached XP level 2. HP: 17/17 MP: 0/5
  1312 | D:2      | Reached XP level 3. HP: 21/21 MP: 1/6
  1361 | D:2      | Learned a level 2 spell: Poisonous Vapours
  1373 | D:2      | Learned a level 3 spell: Mephitic Cloud
  1754 | D:2      | Noticed Terence
  1837 | D:2      | Killed Terence
  1837 | D:2      | Reached skill level 2 in Conjurations
  1837 | D:2      | Reached XP level 4. HP: 22/27 MP: 2/7
  1960 | D:2      | Reached XP level 5. HP: 19/31 MP: 1/9
  2365 | D:3      | Reached skill level 5 in Poison Magic
  2687 | D:3      | Found a bloodstained altar of Trog.
  2849 | D:3      | Found a glowing golden altar of the Shining One.
  2937 | D:3      | Reached XP level 6. HP: 36/36 MP: 10/12
  2999 | D:3      | Reached skill level 1 in Fighting
  3005 | D:3      | Learned a level 4 spell: Olgreb's Toxic Radiance
  3485 | D:3      | Reached skill level 5 in Stealth
  3656 | D:4      | Found Rionan's Book Boutique.
  3663 | D:3      | Reached skill level 3 in Conjurations
  3889 | D:4      | Reached XP level 7. HP: 43/43 MP: 6/13
  4281 | D:4      | Reached skill level 4 in Conjurations
  4368 | D:4      | Found a sparkling altar of Nemelex Xobeh.
  4882 | D:5      | Entered Level 5 of the Dungeon
  4882 | D:5      | Noticed Edmund
  4888 | D:5      | Reached skill level 5 in Conjurations
  4890 | D:5      | Found a staircase to the Ecumenical Temple.
  4909 | D:5      | Killed Edmund
  4909 | D:5      | Reached XP level 8. HP: 27/48 MP: 6/14
  5092 | D:5      | Reached skill level 6 in Conjurations
  5137 | Temple   | Entered the Ecumenical Temple
  5158 | Temple   | Became a worshipper of Vehumet
  5396 | D:4      | Learned a level 5 spell: Venom Bolt
  5798 | D:6      | Reached skill level 7 in Conjurations
  5803 | D:6      | Found a runed translucent gate.
  5804 | D:6      | Found a runed translucent gate.
  5887 | D:6      | Found a runed translucent gate.
  5887 | D:6      | Noticed Killmatronix's ghost (novice KoHu)
  5922 | D:6      | Found a burning altar of Makhleb.
  5954 | D:6      | Found a shimmering blue altar of Sif Muna.
  5968 | D:6      | Noticed Grinder
  6023 | D:6      | Found a glowing drain.
  6036 | Sewer    | Entered a sewer
  6192 | Sewer    | Reached * piety under Vehumet
  6192 | Sewer    | Offered knowledge of Flame Tongue by Vehumet.
  6275 | Sewer    | Found a white marble altar of Elyvilon.
  6285 | Sewer    | Learned a level 1 spell: Flame Tongue
  6364 | D:6      | Reached skill level 5 in Spellcasting
  6364 | D:6      | Reached XP level 9. HP: 47/52 MP: 11/16
  6544 | D:6      | Reached skill level 1 in Fire Magic
  6809 | D:6      | Found a stormy altar of Qazlal.
  7452 | D:5      | Slain by a wight

Levels and vault maps discovered:
D:1:      dpeg_arrival_solitude, layout_loops_corners
D:2:      layout_loops_cross, first_ration, uniq_terence
D:3:      layout_loops_ring, bloody_trog, tso_metal_star, minivault_19
D:4:      layout_cave_pools, nemelex_xobeh_ov_fountains_minmay, serial_shops,
          nicolae_shop_statue_plus
D:5:      layout_rooms, minmay_temple_entry_proselytizer, uniq_edmund
D:6:      layout_cave_pools, makhleb_heckhound_becter, doesnt_xom_only_xom,
          gup_sewer_entry_glass, biasface_ghost_orc_armoury, basic_altar,
          nicolae_qazlal_general_emergency, uniq_grinder
Temple:   cyrus_circular_temple

Skill      XL: |  1  2  3  4  5  6  7  8  9 |
---------------+----------------------------+-----
Stealth        | 3 4 5 6 |  6.2
Poison Magic   | 4 5 6 |  6.8
Conjurations   | 2 3 5 7 |  7.8
Spellcasting   | 3 4 5 |  5.2
Fighting       | 1 |  1.4
Fire Magic     | 1 |  1.6
Dodging        | |  2.0

Action                   |  1- 3 |  4- 6 |  7- 9 || total
-------------------------+-------+-------+-------++-------
Melee: Dagger            |     8 |    28 |     3 ||    39
       Constrict         |     3 |    10 |    28 ||    41
       Tentacles         |     2 |     9 |    24 ||    35
       Short sword       |       |       |    96 ||    96
       Halberd           |       |       |    14 ||    14
 Cast: Sting             |    55 |    77 |     2 ||   134
       Poisonous Vapours |     5 |    15 |    27 ||    47
       Olgreb's Toxic Ra |       |     4 |    17 ||    21
       Mephitic Cloud    |       |     1 |       ||     1
       Venom Bolt        |       |       |     1 ||     1
       Flame Tongue      |       |       |     9 ||     9
Evoke: Wand              |       |       |     7 ||     7
  Use: Scroll            |     1 |    10 |     4 ||    15
       Potion            |       |       |     4 ||     4
 Stab: Sleeping          |       |       |     3 ||     3
  Eat: Chunk             |     3 |     6 |    11 ||    20
       Ration            |       |     1 |     1 ||     2
Armor: Skin              |     7 |     3 |     6 ||    16
Dodge: Dodged            |    26 |    35 |    92 ||   153

Table legend:
 A = Non-vault XP
 B = Vault XP
 C = Vault XP percentage of total XP
 D = Non-vault monster count
 E = Vault monster count
 F = Vault count percentage of total count
                 A         B        C        D         E       F
            +---------+---------+-------+---------+---------+-------
      Total |    2337 |     421 |  15.3 |     143 |      18 |  11.2
            +---------+---------+-------+---------+---------+-------
        D:1 |      23 |       0 |   0.0 |      16 |       0 |   0.0
        D:2 |     131 |      36 |  21.6 |      28 |       1 |   3.4
        D:3 |     358 |       0 |   0.0 |      33 |       0 |   0.0
        D:4 |     492 |       0 |   0.0 |      23 |       0 |   0.0
        D:5 |     457 |     205 |  31.0 |      17 |       2 |  10.5
        D:6 |     876 |      57 |   6.1 |      26 |       3 |  10.3
      Sewer |       0 |     123 | 100.0 |       0 |      12 | 100.0
            +---------+---------+-------+---------+---------+-------
